 Dungeon Crawl Stone Soup version 0.29.1-2-gbd0b4ee654 (webtiles) character file.

Game seed: 10843724431819953242

28 sanboga the Cudgeller (level 2, -3/27 HPs)
             Began as a Minotaur Monk on Nov 20, 2022.
             Slain by Robin
             ... wielding a +4 short sword of speed
              (4 damage)
             ... on level 2 of the Dungeon.
             The game lasted 00:00:47 (1246 turns).

sanboga the Cudgeller (Minotaur Monk)               Turns: 1246, Time: 00:00:48

Health: -3/27      AC:  2    Str: 15    XL:     2   Next: 96%
Magic:  1/1        EV: 12    Int:  7    God:
Gold:   58         SH:  0    Dex: 12    Spells: 1/1 levels left

rFire   . . .      SeeInvis .   a - +0 mace
rCold   . . .      Faith    .   (no shield)
rNeg    . . .      Spirit   .   b - +0 robe
rPois   .          Reflect  .   (helmet restricted)
rElec   .          Harm     .   (no cloak)
rCorr   .          Rampage  .   (no gloves)
Will    .....                   (no boots)
Stlth   ++........              (no amulet)
HPRegen 0.09/turn               (no ring)
MPRegen 0.07/turn               (no ring)

@: no status effects
A: horns 2, retaliatory headbutt
a: no special abilities


You were on level 2 of the Dungeon.
You visited 1 branch of the dungeon, and saw 2 of its levels.

You collected 58 gold pieces.

Inventory:

Hand Weapons
 a - a +0 mace (weapon)
Armour
 b - a +0 robe (worn)
Scrolls
 g - a scroll of teleportation
 h - a scroll of silence {unknown}
Potions
 c - a potion of ambrosia
 d - a potion of heal wounds {unknown}
 e - 2 potions of curing {unknown}
 f - a potion of attraction {unknown}


   Skills:
 + Level 4.0 Fighting
 * Level 4.4 Maces & Flails
 + Level 1.3 Armour
 - Level 3.2 Dodging
 - Level 1.5 Stealth


You had one spell level left.
You didn't know any spells.
Your spell library was empty.

Dungeon Overview and Level Annotations

Branches:
Dungeon (2/15)

Altars:

Annotations:
D:2 Robin


Innate Abilities, Weirdness & Mutations

You have a pair of horns on your head.
You reflexively headbutt those who attack you in melee.


Message History

You start resting.
HP restored.
You climb downwards.
Level annotation: Robin Robin roars a battlecry!
The goblin goes into a battle-frenzy!
You hear a shout!
There is a stone staircase leading up here.
Robin hits you with a +4 short sword of speed.
A goblin comes into view. It is wielding a +0 club.
You barely miss Robin. Robin completely misses you.
A goblin comes into view. It is wielding a +0 dagger.
Robin throws the goblin at you!
You closely miss Robin. The goblin closely misses you. Robin barely misses you.
You furiously retaliate!
You headbutt Robin!
The goblin shouts!
You hit Robin.
Robin is severely wounded.
A goblin comes into view. It is wielding a +0 dagger.
The goblin hits you with a +0 dagger.
Robin roars a battlecry!
The goblins go into a battle-frenzy!
The goblin hits you with a +0 dagger. The hobgoblin barely misses you.
You furiously retaliate!
You headbutt the hobgoblin!
You kill the hobgoblin!
The goblin hits you with a +0 dagger.
You closely miss the goblin. Your headbutt misses the goblin.
Robin hits you with a +4 short sword of speed.
* * * LOW HITPOINT WARNING * * *
Robin's bangles clink loudly.
Robin throws the goblin at you!
* * * LOW HITPOINT WARNING * * *
The goblin closely misses you. The goblin hits you with a +0 dagger.
* * * LOW HITPOINT WARNING * * *
The goblin closely misses you.
You closely miss Robin.
Robin is severely wounded.
Robin says, "Bow before me, strongest of all the hobgoblins!"
Robin hits you with a +4 short sword of speed.
You die...

#.# #.# #.#
#.# #.### #.#
#.# #...## #.#
..# ###).# #.#
.## ##.###.# .
#.....# ..
####..#
####.g#######g
#..g@).g>g....
#..gg###.<####
........# ..#
####..... ...
####### .## #


You could see Robin and 5 goblins.

Vanquished Creatures
  2 bats (D:1)
  3 endoplasms (D:1)
  2 giant cockroaches (D:1)
  4 goblins
  3 hobgoblins
  A kobold (D:1)
  A quokka (D:1)
  2 ball pythons (D:1)
  3 frilled lizards (D:1)
  4 rats
25 creatures vanquished.

Notes
Turn   | Place    | Note
-------+----------+-------------------------------------------
     0 | D:1      | sanboga the Minotaur Monk began the quest for the Orb.
     0 | D:1      | Reached XP level 1. HP: 19/19 MP: 0/0
   268 | D:1      | Found a faded altar of an unknown god.
   347 | D:1      | Reached XP level 2. HP: 27/27 MP: 1/1
   375 | D:1      | Reached skill level 1 in Armour
  1041 | D:2      | Noticed Robin
  1245 | D:2      | HP: 1/27 [goblin/+0 dagger[Robin] (2)]
  1246 | D:2      | Slain by Robin

Illustrated notes

Levels and vault maps discovered:
D:1:      matt_arrival_los_fun, layout_basic, hellmonk_ecumenical_altar_zigzags,
          minmay_pentomino_u4
D:2:      layout_rooms, basic_altar, uniq_robin, uniq_terence

Skill      XL: |  1  2 |
---------------+-------+-----
Maces & Flails | 4 |  4.4
Armour         | 1 |  1.3
Fighting       | 4 |  4.0
Dodging        | |  3.2
Stealth        | |  1.5

Action                   || total
-------------------------++-------
Melee: Mace              ||    36
       Headbutt          ||     3
  Use: Scroll            ||     3
 Stab: Sleeping          ||     5
Armor: Robe              ||     7
Dodge: Dodged            ||    27
